 Dungeon Crawl Stone Soup version 0.22-a0-619-ga0c6fd2 (webtiles) character file.

1782 Hebeh the Destroyer (level 8, -7/41 HPs)
             Began as a Deep Elf Fire Elementalist on July 14, 2018.
             Was an Initiate of Vehumet.
             Killed from afar by an orc wizard (25 damage)
             ... with an exploding inner flame
             ... hexed by the player character
             ... on level 7 of the Dungeon on July 15, 2018.
             The game lasted 00:40:50 (8415 turns).

Hebeh the Destroyer (Deep Elf Fire Elementalist)    Turns: 8415, Time: 00:40:51

Health: -7/41      AC:  4    Str:  6 (7)  XL:     8   Next: 81%
Magic:  3/22       EV: 13    Int: 31 (32) God:    Vehumet [......]
Gold:   335        SH:  0    Dex: 14 (15) Spells: 9/23 levels left

rFire    . . .     SeeInvis .   b - +9 hand crossbow "Lueniy" {venom, rElec MR- Str+2 Int+4}
rCold    . . .     Gourm    .   (no shield)
rNeg     . . .     Faith    .   d - +1 animal skin
rPois    .         Spirit   .   x - +0 helmet
rElec    +         Reflect  .   (no cloak)
rCorr    .         Harm     .   (no gloves)
MR       .....                  (no boots)
Stlth    ++........             (no amulet)
HPRegen  0.13/turn              s - ring of protection from magic
MPRegen  0.18/turn              (no ring)

@: brilliant, lethally poisoned (-7 -> -9), flying
A: no striking features
a: Renounce Religion


You were on level 7 of the Dungeon.
You worshipped Vehumet.
Vehumet was noncommittal.
You were not hungry.

You visited 2 branches of the dungeon, and saw 8 of its levels.

You collected 335 gold pieces.

Inventory:

Hand Weapons
 b - the +9 hand crossbow "Lueniy" (weapon) {venom, rElec MR- Str+2 Int+4}
   (You found it on level 6 of the Dungeon)

   It poisons the ammo it fires.
   It affects your strength (+2).
   It affects your intelligence (+4).
   It insulates you from electricity.
   It affects your resistance to hostile enchantments.
 c - a +1 dagger of electrocution
 f - a +0 hunting sling
Missiles
 h - 37 arrows
 o - 28 sling bullets
 r - 151 stones
 t - 64 bolts (quivered)
 y - 4 tomahawks
 B - 6 javelins
Armour
 d - a +1 animal skin (worn)
 j - a +0 robe
 x - a +0 helmet (worn)
Magical Staves
 a - an uncursed staff of poison
Jewellery
 s - a ring of protection from magic (left hand)
Scrolls
 g - a scroll of identify
 i - 2 scrolls of blinking
 n - 2 scrolls of amnesia {unknown}
 u - 2 scrolls of immolation {unknown}
 v - a scroll of magic mapping {unknown}
 z - 2 scrolls of remove curse
 D - a scroll of enchant armour {unknown}
 E - 6 scrolls of teleportation
 F - a scroll of noise {unknown}
Potions
 l - a potion of magic {unknown}
 m - a potion of mutation
 q - a potion of degeneration
 w - a potion of flight
 C - a potion of might {unknown}
Comestibles
 e - 12 rations


   Skills:
 - Level 2.4 Dodging
 - Level 2.4 Stealth
 + Level 8.0 Spellcasting
 * Level 8.9 Conjurations
 + Level 7.0 Fire Magic


You had 9 spell levels left.
You knew the following spells:

 Your Spells              Type           Power        Failure   Level  Hunger
a - Flame Tongue          Conj/Fire      #####        1%          1    None
b - Throw Flame           Conj/Fire      ######       1%          2    None
c - Conjure Flame         Conj/Fire      ######..     1%          3    None
d - Fireball              Conj/Fire      ######....   1%          5    ####...
e - Inner Flame           Hex/Fire       ######..     1%          3    None

Your spell library contained the following spells:

 Spells                   Type           Power        Failure   Level  Hunger
 Apportation              Tloc           ####..       1%          1    None
 Summon Small Mammal      Summ           ####         1%          1    None
 Animate Skeleton         Necr           N/A          1%          1    None
 Sticky Flame             Conj/Fire      ######..     1%          4    #......
 Confusing Touch          Hex            ####..       1%          1    None


Dungeon Overview and Level Annotations

Branches:
Dungeon (7/15)             Temple (1/1) D:6

Altars:
Ashenzari
Cheibriados
Dithmenos
Elyvilon
Fedhas
Gozag
Hepliaklqana
Okawaru
Qazlal
Ru
Uskayaw
Vehumet
Wu Jian
Xom
Yredelemnul
Zin
The Shining One

Annotations:
D:5 1 runed door, sking99's ghost, novice DsVM


Message History

Casting: Flame Tongue (safe; 1% risk of failure)
Confirm with . or Enter, or press ? or * to list all spells.
You can't see any susceptible monsters within range! (Use Z to cast anyway.)
You are too injured to fight recklessly!
You are too injured to fight recklessly!
Casting: Flame Tongue (safe; 1% risk of failure)
Confirm with . or Enter, or press ? or * to list all spells.
You can't see any susceptible monsters within range! (Use Z to cast anyway.)
Casting: Flame Tongue (safe; 1% risk of failure)
Confirm with . or Enter, or press ? or * to list all spells.
Aiming: Flame Tongue (safe; 1% risk of failure)
Press: ? - help, Shift-Dir - straight line The flame tongue hits something.
Something hits you but does no damage.
Casting: Flame Tongue (safe; 1% risk of failure)
Confirm with . or Enter, or press ? or * to list all spells.
Aiming: Flame Tongue (safe; 1% risk of failure)
Press: ? - help, Shift-Dir - straight line The flame tongue hits something.
The fiery explosion engulfs you!
Ouch! That really hurt!
You die...

#.# #.# #.# #.### ##.#
#...# # ##..####
#...#.#
#......########...#<##
.....................+
#...##.########.....##
##.....# ####ยง.###
##.#### #(.(@(# #.#
#.##### #[# #)# #.#
#)# #.# #.# #.#
#.....# ###.# #.#.#.#
....# #.#..... ##### #
#.# ##(


There were no monsters in sight!

Vanquished Creatures
  Grinder (D:5)
  A hippogriff (D:7)
  A water moccasin (D:5)
  An orc warrior (D:6)
  An ogre (D:6)
  A centaur (D:7)
  3 bullfrogs
  3 scorpions
  4 orc priests
  5 hounds
  5 orc wizards
  2 worker ants
  Robin (D:3)
  4 gnolls (D:6)
  6 adders
  A shadow imp (D:6)
  2 oozes
  An adder skeleton (D:4)
  A worm (D:2)
  2 dart slugs
  6 leopard geckos
  23 orcs
  5 bats
  4 giant cockroaches
  14 goblins
  9 hobgoblins
  8 jackals
  4 kobolds
  A quokka (D:3)
  3 frilled lizards
  10 rats
133 creatures vanquished.

Notes
Turn   | Place    | Note
-------+----------+-------------------------------------------
     0 | D:1      | Hebeh the Deep Elf Fire Elementalist began the quest for the Orb.
     0 | D:1      | Reached XP level 1. HP: 10/10 MP: 6/6
   212 | D:1      | Reached XP level 2. HP: 15/15 MP: 5/8
   698 | D:1      | Reached XP level 3. HP: 19/19 MP: 7/10
   711 | D:1      | Learned a level 2 spell: Throw Flame
   715 | D:1      | Learned a level 3 spell: Conjure Flame
   719 | D:1      | Learned a level 3 spell: Inner Flame
  1135 | D:2      | Found a hide-covered altar of Uskayaw.
  1385 | D:2      | Reached XP level 4. HP: 24/24 MP: 7/11
  2074 | D:3      | Found an iron altar of Okawaru.
  2253 | D:3      | Noticed Robin
  2262 | D:3      | Killed Robin
  2363 | D:3      | Reached XP level 5. HP: 26/28 MP: 0/13
  2799 | D:3      | Found a snail-covered altar of Cheibriados.
  3991 | D:5      | Entered Level 5 of the Dungeon
  3991 | D:5      | Noticed Grinder
  4143 | D:5      | Reached skill level 5 in Spellcasting
  4143 | D:5      | Reached XP level 6. HP: 7/32 MP: 0/15
  4401 | D:5      | Reached skill level 5 in Conjurations
  4500 | D:5      | Paralysed by Grinder for 6 turns
  4512 | D:5      | Killed Grinder
  4512 | D:5      | Reached skill level 5 in Fire Magic
  4512 | D:5      | Reached XP level 7. HP: 12/36 MP: 7/17
  4876 | D:5      | Found a runed door.
  4880 | D:5      | Noticed sking99's ghost (novice DsVM)
  6094 | D:6      | Got an ichor-stained hand crossbow
  6095 | D:6      | Identified the +9 hand crossbow "Lueniy" {venom, rElec MR- Str+2 Int+4} (You found it on level 6 of the Dungeon)
  6251 | D:6      | Reached XP level 8. HP: 41/41 MP: 20/20
  6604 | D:6      | Found a hazy altar of Hepliaklqana.
  6611 | D:6      | Found a snail-covered altar of Cheibriados.
  6616 | D:6      | Found a glowing silver altar of Zin.
  6627 | D:6      | Found a stormy altar of Qazlal.
  6634 | D:6      | Found a shimmering altar of Xom.
  6639 | D:6      | Found a basalt altar of Yredelemnul.
  6646 | D:6      | Found a white marble altar of Elyvilon.
  6707 | D:6      | Found a shadowy altar of Dithmenos.
  7365 | D:6      | Found a staircase to the Ecumenical Temple.
  7377 | Temple   | Entered the Ecumenical Temple
  7471 | Temple   | Became a worshipper of Vehumet
  7681 | D:7      | Learned a level 5 spell: Fireball
  8373 | D:7      | Noticed a hippogriff
  8385 | D:7      | Killed a hippogriff
  8409 | D:7      | HP: 2/41 [something (1)]
  8415 | D:7      | Killed from afar by an orc wizard

Vault maps used:
D:1:      dpeg_arrival_ratfight, bh_walls_and_bars
D:2:      eat_drink_and_be_merry_uskayaw, minmay_tripent
D:3:      marbit_many_paths, first_ration, nrook_loot_triangle, minivault_25,
          cheibriados_altar_1, uniq_robin
D:4:      kennysheep_nondescript
D:5:      ebering_ghost_sewer_d, uniq_grinder
D:6:      nicolae_dithmenos_shadow_blocks, grunt_temple_overflow_octagram,
          temple_hall, serial_glass, glass_columns_b, glass_columns_c
D:7:      grunt_ogre_cave, uniq_menkaure, uniq_pikel
Temple:   minmay_temple_curvy_loop

Skill      XL: |  1  2  3  4  5  6  7  8 |
---------------+-------------------------+-----
Conjurations   | 2 3 4 5 7 8 |  8.9
Spellcasting   | 4 5 6 8 |  8.0
Fire Magic     | 4 5 6 7 |  7.0
Dodging        | |  2.4
Stealth        | |  2.4

Action                   |  1- 3 |  4- 6 |  7- 9 || total
-------------------------+-------+-------+-------++-------
Melee: Staff             |       |    10 |       ||    10
       Hand crossbow     |       |       |     1 ||     1
 Fire: Hunting sling     |       |    12 |    30 ||    42
       Hand crossbow     |       |       |    48 ||    48
Throw: Stone             |    64 |    46 |     8 ||   118
       Javelin           |       |     2 |     8 ||    10
 Cast: Flame Tongue      |    51 |   107 |    89 ||   247
       Conjure Flame     |       |     4 |     7 ||    11
       Throw Flame       |       |    10 |       ||    10
       Inner Flame       |       |       |     4 ||     4
       Fireball          |       |       |     2 ||     2
  Use: Scroll            |       |     4 |     1 ||     5
       Potion            |       |       |     4 ||     4
  Eat: Chunk             |     1 |     9 |     6 ||    16
       Ration            |       |       |     2 ||     2
Armor: Robe              |     5 |     3 |       ||     8
       Animal skin       |       |     3 |    10 ||    13
Dodge: Dodged            |    10 |    21 |    27 ||    58

Table legend:
 A = Spawn XP
 B = Non-spawn XP
 C = Spawn XP percentage of total XP
 D = Spawn monster count
 E = Non-spawn monster count
 F = Spawn count percentage of total count
 G = Total turns spent on level
                    A         B        C        D         E        F      G
               +---------+---------+-------+---------+---------+-------+---------
         Total |       0 |    2546 |   0.0 |       0 |     133 |   0.0 |  8415
               +---------+---------+-------+---------+---------+-------+---------
           D:1 |       0 |      52 |   0.0 |       0 |      26 |   0.0 |  1016
           D:2 |       0 |      90 |   0.0 |       0 |      17 |   0.0 |   966
           D:3 |       0 |      77 |   0.0 |       0 |      29 |   0.0 |  1393
           D:4 |       0 |     102 |   0.0 |       0 |       7 |   0.0 |   636
           D:5 |       0 |     756 |   0.0 |       0 |      14 |   0.0 |  1798
           D:6 |       0 |     770 |   0.0 |       0 |      26 |   0.0 |  1687
           D:7 |       0 |     699 |   0.0 |       0 |      14 |   0.0 |   756
               +---------+---------+-------+---------+---------+-------+---------
